[Event "Titled Tuesday Blitz May 31 Early 2022"]
[White "Martins, Bruno Andre Leite"]
[Black "Miszler, Levente"]
[WhiteFideId "1942255"]
[BlackFideId "763276"]
[WhiteElo "2153"]
[BlackElo "1966"]
[Result "1/2-1/2"]
[Round "08"]
[TimeControl "180+1"]
[Date "2022.06.01"]
[WhiteClock "0:00:02"]
[BlackClock "0:00:12"]

1. e4 e6 2. d3 d5 3. Nd2 Nf6 4. Ngf3 Be7 5. g3 O-O 6. Bg2 c5 7. O-O Nc6 8. Re1 b5 9. e5 Nd7 10. h4 Qc7 11. Qe2 Bb7 12. Nf1 Rfc8 13. Bf4 Qd8 14. h5 h6 15. N1h2 a5 16. Ng4 Bf8 17. Ngh2 a4 18. g4 Be7 19. Qd2 Ra6 20. g5 hxg5 21. Nxg5 Ncxe5 22. Bh3 d4 23. Nxe6 fxe6 24. Bxe5 Bf6 25. Bxf6 Qxf6 26. Re2 Bd5 27. Rae1 Rf8 28. Re4 Bxe4 29. Rxe4 Ne5 30. f4 Nf7 31. Qe2 Re8 32. Ng4 Qh4 33. Qg2 Kf8 34. Ne5 Qxh5 35. Nd7+ Ke7 36. Ne5 Qh7 37. Nxf7 Kxf7 38. Bg4 Qg6 39. Re5 Rh8 40. f5 Qf6 41. Rxe6 Rxe6 42. fxe6+ Ke7 43. Qb7+ Kd6 44. Qd7+ Ke5 45. Qc7+ Kd5 46. Qd7+ Ke5 47. Qc7+ Kd5 48. Qb7+ Ke5 49. Qc7+ 1/2-1/2


[Site "https://www.chess.com"]

[Event "Titled Tuesday Blitz May 31 Early 2022"]
[White "Mickiewicz, Piotr"]
[Black "Lopez Del Alamo, Antonio"]
[WhiteFideId "1114891"]
[BlackFideId "2227339"]
[WhiteElo "2223"]
[BlackElo "2089"]
[Result "0-1"]
[Round "08"]
[TimeControl "180+1"]
[Date "2022.06.01"]
[WhiteClock "0:00:05"]
[BlackClock "0:00:15"]

1. e4 c5 2. Nf3 e6 3. d4 cxd4 4. Nxd4 Nf6 5. Nc3 Nc6 6. g3 Bb4 7. Bg2 Qb6 8. Ne2 Ng4 9. O-O Bc5 10. Qe1 h5 11. Na4 Bxf2+ 12. Rxf2 Qxf2+ 13. Qxf2 Nxf2 14. Kxf2 d6 15. Be3 Ne5 16. h3 Bd7 17. Nac3 Ke7 18. a4 Rhc8 19. b3 f6 20. Bc1 g5 21. Bb2 a6 22. Ke3 Rc7 23. Kd2 Rac8 24. Rc1 b5 25. axb5 axb5 26. Nd1 b4 27. Ne3 Bb5 28. Nd4 Ba6 29. Ra1 Ra8 30. Ra4 Rb7 31. Bf1 Rb6 32. Bg2 Bb7 33. Rxa8 Bxa8 34. c4 bxc3+ 35. Bxc3 Ra6 36. Nec2 Kd7 37. Kc1 Nd3+ 38. Kb1 Nc5 39. Ne2 Nxe4 40. Bxe4 Bxe4 41. Bxf6 e5 42. Nc3 Bf5 43. h4 gxh4 44. Bxh4 Rc6 45. Kb2 d5 46. Ne3 d4 47. Nxf5 Rxc3 48. Bf6 Ke6 49. Nxd4+ exd4 50. Bxd4 Rxg3 51. Bb6 Rg2+ 52. Ka3 h4 53. Bc7 h3 54. Ka4 Kd7 55. Bf4 Kc6 56. b4 Kb7 57. Be5 h2 58. Bxh2 Rxh2 59. Kb5 Rh5+ 60. Kc4 Kc6 61. Kd4 Rh4+ 62. Ke5 Rxb4 63. Ke6 Re4+ 64. Kf5 Kd5 65. Kf6 Re1 66. Kg6 0-1


[Site "https://www.chess.com"]

[Event "Titled Tuesday Blitz May 31 Early 2022"]
[White "Molina, Roberto Junio Brito"]
[Black "Sargsyan, Anna M."]
[WhiteFideId "2109450"]
[BlackFideId "13308130"]
[WhiteElo "2432"]
[BlackElo "2271"]
[Result "1-0"]
[Round "08"]
[TimeControl "180+1"]
[Date "2022.06.01"]
[WhiteClock "0:00:46"]
[BlackClock "0:01:32"]

1. d4 d5 2. c4 c6 3. Nf3 Nf6 4. Nc3 dxc4 5. a4 Bf5 6. Ne5 Nbd7 7. Nxc4 Qc7 8. g3 e5 9. dxe5 Nxe5 10. Bf4 Nfd7 11. Bg2 g5 12. Bxe5 Nxe5 13. Qd4 f6 14. Ne3 Bg6 15. Be4 Bf7 16. O-O-O c5 17. Ned5 Bxd5 18. Nxd5 Qf7 19. Qc3 Rc8 20. f4 gxf4 21. gxf4 1-0


[Site "https://www.chess.com"]

[Event "Titled Tuesday Blitz May 31 Early 2022"]
[White "Muradov, Soltan"]
[Black "Ismayil, Malak"]
[WhiteFideId "14002108"]
[BlackFideId "13412604"]
[WhiteElo "1854"]
[BlackElo "1879"]
[Result "0-1"]
[Round "08"]
[TimeControl "180+1"]
[Date "2022.06.01"]
[WhiteClock "0:00:03"]
[BlackClock "0:00:07"]

1. e4 e5 2. Nf3 Nc6 3. Nc3 Nf6 4. Bb5 d6 5. d4 exd4 6. Nxd4 Bd7 7. O-O Be7 8. Re1 O-O 9. Nf5 Bxf5 10. exf5 Nd7 11. Nd5 Bf6 12. c3 Ne7 13. Nxf6+ Nxf6 14. Bg5 c6 15. Ba4 Ned5 16. c4 Nb6 17. Bb3 Kh8 18. Qd4 h6 19. Bh4 d5 20. cxd5 Nbxd5 21. Rad1 Qb6 22. Qd2 Rad8 23. Qc1 Qb4 24. Bg3 Nb6 25. h3 Rxd1 26. Rxd1 Ne4 27. Bf4 Qb5 28. Bxh6 Qxf5 29. Be3 Nd5 30. Bc2 Ndf6 31. Bxa7 Qe5 32. Be3 c5 33. Re1 Qh5 34. Qb1 Re8 35. Bf4 c4 36. Be3 Nd6 37. Bd4 Rxe1+ 38. Qxe1 Nde8 39. Qe7 Qd5 40. Qf8+ Ng8 41. Qxe8 Qxd4 42. Qe2 Qxb2 43. Qh5+ Nh6 44. Qe2 Qa1+ 45. Kh2 Qf6 46. Qe8+ Ng8 47. Qb5 Qf4+ 48. Kg1 Qc1+ 49. Kh2 Qxc2 50. Qxb7 Qxf2 51. Kh1 Qf1+ 52. Kh2 c3 53. Qc8 Qf4+ 54. Kh1 Qc1+ 55. Kh2 c2 56. Qc5 Qf4+ 57. g3 c1=Q 58. gxf4 Qxc5 0-1


[Site "https://www.chess.com"]

[Event "Titled Tuesday Blitz May 31 Early 2022"]
[White "Nakamura, Hikaru"]
[Black "Priasmoro, Novendra"]
[WhiteFideId "2016192"]
[BlackFideId "7105029"]
[WhiteElo "2850"]
[BlackElo "2309"]
[Result "0-1"]
[Round "08"]
[TimeControl "180+1"]
[Date "2022.05.31"]
[WhiteClock "0:00:14"]
[BlackClock "0:00:15"]

1. Nf3 Nf6 2. e3 e6 3. d4 b6 4. g3 Bb7 5. Bg2 Be7 6. c4 O-O 7. O-O d5 8. cxd5 Nxd5 9. a3 Nd7 10. Qe2 c5 11. Rd1 Qc8 12. e4 N5f6 13. Nc3 Rd8 14. d5 exd5 15. e5 Ne8 16. Nxd5 Bxd5 17. Rxd5 Nc7 18. Rd3 Ne6 19. Be3 Rb8 20. Rad1 Ndf8 21. Nd2 Rxd3 22. Qxd3 Qc7 23. f4 Rd8 24. Bd5 Nd4 25. Qe4 g6 26. Bxd4 cxd4 27. Nf3 Qc5 28. Ba2 d3+ 29. Kg2 Ne6 30. f5 Ng5 31. Nxg5 Qc2+ 32. Kh3 Qxd1 33. Bxf7+ Kh8 34. f6 Bxf6 35. exf6 Qf1+ 36. Kh4 Qxf6 37. Kg4 Rd4 0-1


[Site "https://www.chess.com"]

[Event "Titled Tuesday Blitz May 31 Early 2022"]
[White "Niemann, Hans Moke"]
[Black "Aravindh, Chithambaram VR."]
[WhiteFideId "2093596"]
[BlackFideId "5072786"]
[WhiteElo "2632"]
[BlackElo "2561"]
[Result "1-0"]
[Round "08"]
[TimeControl "180+1"]
[Date "2022.05.31"]
[WhiteClock "0:00:05"]
[BlackClock "0:00:01"]

1. d4 e6 2. c4 b6 3. e4 Bb7 4. Bd3 Bb4+ 5. Bd2 c5 6. d5 exd5 7. exd5 Nf6 8. Qe2+ Qe7 9. Qxe7+ Kxe7 10. Nc3 Re8 11. Nge2 d6 12. O-O Nbd7 13. f4 a6 14. Ng3 g6 15. a3 Ba5 16. Rab1 b5 17. Rfe1+ Kf8 18. Rxe8+ Rxe8 19. cxb5 axb5 20. Bxb5 Rb8 21. b4 cxb4 22. axb4 Bb6+ 23. Kf1 Rc8 24. Nge4 Nxe4 25. Nxe4 Bxd5 26. Nxd6 Rd8 27. Bc3 Nb8 28. Be5 f6 29. Rd1 Bb3 30. Rd3 fxe5 31. fxe5 Be6 32. Ke2 Ke7 33. Ra3 Nd7 34. Bxd7 Kxd7 35. Ra6 Kc6 36. b5+ Kc7 37. Ra1 Rf8 38. Rc1+ Kd7 39. Rc6 Bd4 40. Ne4 Bg4+ 41. Kd3 Bxe5 42. Nc5+ Ke7 43. b6 Rd8+ 44. Kc4 Rd4+ 45. Kb3 Rd1 46. b7 Rb1+ 47. Kc4 Be2+ 48. Kd5 Bxh2 49. Re6+ Kf7 50. Rxe2 Bg1 51. Ne4 Rxb7 52. Nd6+ Kf6 53. Nxb7 Kf5 54. Nd6+ Kf4 55. Re7 h5 56. Rg7 g5 57. Rf7+ Kg4 58. Ne4 h4 59. Rf3 Ba7 60. Nf6# 1-0


[Site "https://www.chess.com"]

[Event "Titled Tuesday Blitz May 31 Early 2022"]
[White "Nugumanov, Bakhtiyar"]
[Black "Stromboli, Ettore"]
[WhiteFideId "13701797"]
[BlackFideId "813761"]
[WhiteElo "2262"]
[BlackElo "2414"]
[Result "1-0"]
[Round "08"]
[TimeControl "180+1"]
[Date "2022.06.01"]
[WhiteClock "0:00:05"]
[BlackClock "0:00:10"]

1. Nf3 e6 2. c4 d5 3. g3 Nf6 4. Bg2 b6 5. O-O Bb7 6. b3 Be7 7. Bb2 O-O 8. e3 c5 9. Qe2 dxc4 10. bxc4 Nc6 11. Nc3 a6 12. d3 Qc7 13. Nh4 Rad8 14. f4 Nb4 15. Rad1 Rd7 16. a3 Bxg2 17. Nxg2 Nc6 18. g4 Rfd8 19. g5 Ne8 20. Ne4 f5 21. gxf6 Nxf6 22. Ng5 Qd6 23. d4 cxd4 24. exd4 Re8 25. Kh1 Bf8 26. Ne3 h6 27. Nf3 Qxf4 28. Ng2 Qe4 29. Qf2 b5 30. Rfe1 Qf5 31. cxb5 axb5 32. Qf1 Nd5 33. Ngh4 Qh5 34. Qxb5 Nf4 35. Qxc6 Rf7 36. Rf1 Ng6 37. Qe4 Nxh4 38. Nxh4 Rxf1+ 39. Rxf1 Qb5 40. Qg2 Rd8 41. Ng6 Bd6 42. Ne5 Bxe5 43. dxe5 Rb8 44. Bd4 Qd3 45. Qf2 Rb1 46. Rxb1 Qxb1+ 47. Kg2 Qe4+ 48. Kf1 Kh7 49. Be3 Qd3+ 50. Kg2 Qxa3 51. Qf4 Qa8+ 52. Kg3 Qd5 53. h3 Qh1 54. Qd4 Qf1 55. h4 Qf5 56. Bf4 Qg6+ 57. Kh3 Qb1 58. Qe3 Qf1+ 59. Kg3 Qb1 60. Qc3 Qg6+ 61. Kf2 Qf5 62. Qg3 Qc2+ 63. Kf3 Qd1+ 64. Ke3 Qc1+ 65. Ke4 Qb1+ 66. Kd4 Qf5 67. Kc5 Qc2+ 68. Kd6 Qd1+ 69. Kxe6 Qb1 70. Kf7 Qb3+ 71. e6 Qd5 72. Qg6+ Kh8 73. Qxg7# 1-0


[Site "https://www.chess.com"]

[Event "Titled Tuesday Blitz May 31 Early 2022"]
[White "Onslow, Alfie"]
[Black "Wagner, Dennis"]
[WhiteFideId "436976"]
[BlackFideId "24650684"]
[WhiteElo "1885"]
[BlackElo "2355"]
[Result "0-1"]
[Round "08"]
[TimeControl "180+1"]
[Date "2022.06.01"]
[WhiteClock "0:00:12"]
[BlackClock "0:00:25"]

1. e4 e5 2. Bc4 Nc6 3. d3 Na5 4. Nc3 Nxc4 5. dxc4 Bb4 6. Qd3 d6 7. Ne2 Ne7 8. O-O f5 9. Bg5 fxe4 10. Qxe4 Bxc3 11. Nxc3 h6 12. Bxe7 Qxe7 13. Nd5 Qf7 14. f4 Bf5 15. Nxc7+ Kd7 16. Qd5 Qxd5 17. Nxd5 Rhf8 18. Rad1 exf4 19. Nxf4 Bxc2 20. Rd2 g5 21. Rxc2 Rxf4 22. Rxf4 gxf4 23. Kf2 Rc8 24. b3 b5 25. Kf3 d5 26. c5 Kc6 27. Kxf4 Re8 28. g4 d4 29. b4 Kd5 30. c6 Rf8+ 31. Kg3 d3 32. Rd2 Kd4 33. Rf2 Rc8 34. Rf6 d2 35. Rd6+ Ke3 36. h4 Ke2 37. Re6+ Kd3 38. Rd6+ Kc2 39. g5 hxg5 40. hxg5 d1=Q 41. Rxd1 Kxd1 42. Kf4 Rxc6 43. Ke5 Kc2 44. Kd5 Rg6 45. Kc5 Rxg5+ 46. Kc6 Kb2 47. Kb7 Kxa2 48. Kxa7 Kb3 0-1


[Site "https://www.chess.com"]

[Event "Titled Tuesday Blitz May 31 Early 2022"]
[White "Pakleza, Zbigniew"]
[Black "Hosseinzadeh, Nima"]
[WhiteFideId "1119290"]
[BlackFideId "12505323"]
[WhiteElo "2467"]
[BlackElo "2066"]
[Result "1-0"]
[Round "08"]
[TimeControl "180+1"]
[Date "2022.06.01"]
[WhiteClock "0:00:21"]
[BlackClock "0:00:02"]

1. d4 Nf6 2. Nf3 e6 3. Bf4 c5 4. c3 cxd4 5. cxd4 b6 6. Nc3 Bb7 7. e3 Be7 8. Bd3 O-O 9. O-O a6 10. Qe2 d6 11. h3 Nbd7 12. e4 b5 13. a3 h6 14. Rad1 Rc8 15. e5 Nd5 16. Nxd5 Bxd5 17. exd6 Bf6 18. Rfe1 Nb6 19. Bb1 Re8 20. Qd3 g6 21. Ne5 Bc4 22. Qg3 Bh4 23. Qf3 Bd5 24. Qe3 Nc4 25. Nxc4 Rxc4 26. Ba2 Bg5 27. Bxc4 bxc4 28. Bxg5 hxg5 29. Qg3 f6 30. Re3 Kg7 31. b3 cxb3 32. Rc3 Rf8 33. Rc7+ Rf7 34. Rdc1 b2 35. Rb1 Qb8 36. Qc3 Qb5 37. Rxb2 Qa4 38. Rxf7+ Kxf7 39. Qc7+ 1-0


[Site "https://www.chess.com"]

[Event "Titled Tuesday Blitz May 31 Early 2022"]
[White "Petrovskyi, Vadym"]
[Black "Swiercz, Dariusz"]
[WhiteFideId "14165210"]
[BlackFideId "1126881"]
[WhiteElo "2400"]
[BlackElo "2627"]
[Result "1-0"]
[Round "08"]
[TimeControl "180+1"]
[Date "2022.05.31"]
[WhiteClock "0:00:36"]
[BlackClock "0:00:03"]

1. e4 c5 2. Nf3 Nc6 3. Bb5 g6 4. Bxc6 dxc6 5. d3 Bg7 6. h3 e5 7. O-O b6 8. Nc3 Qc7 9. Be3 Ne7 10. Qd2 h6 11. Nh2 g5 12. a4 a5 13. Ne2 f6 14. c3 Ba6 15. Rfd1 Rd8 16. Qc2 f5 17. exf5 Nxf5 18. d4 O-O 19. dxc5 Nxe3 20. fxe3 e4 21. Rxd8 Rxd8 22. Nd4 Qg3 23. Qxe4 bxc5 24. Nf5 Qe5 25. Nxh6+ Kf8 26. Qf3+ Qf6 27. Nf5 Bd3 28. e4 c4 29. Ng4 Qf7 30. Qe3 Rb8 31. Qc5+ Kg8 32. Nfh6+ Bxh6 33. Nxh6+ 1-0


[Site "https://www.chess.com"]

[Event "Titled Tuesday Blitz May 31 Early 2022"]
[White "Pham, Tran Gia Phuc"]
[Black "Stankovic, Ivan G"]
[WhiteFideId "12415669"]
[BlackFideId "902837"]
[WhiteElo "1789"]
[BlackElo "2195"]
[Result "0-1"]
[Round "08"]
[TimeControl "180+1"]
[Date "2022.06.01"]
[WhiteClock "0:00:01"]
[BlackClock "0:00:07"]

1. e4 c5 2. Nc3 Nc6 3. Bb5 Nd4 4. Nf3 a6 5. Bd3 e6 6. O-O b5 7. Nxd4 cxd4 8. Ne2 Bc5 9. b4 Bxb4 10. Nxd4 Nf6 11. e5 Nd5 12. Qg4 O-O 13. c3 Be7 14. Be4 f5 15. exf6 Nxf6 16. Qe2 Nxe4 17. Qxe4 d5 18. Qe2 Qd6 19. a4 b4 20. cxb4 e5 21. Nc2 Bb7 22. d4 e4 23. Ba3 Qg6 24. b5 Bxa3 25. Nxa3 Bc8 26. Kh1 Rf5 27. Rac1 Rh5 28. Rc6 Qg5 29. f4 Qh4 30. g3 Qh3 31. Rxc8+ Rxc8 32. bxa6 Rh6 33. a7 Qxg3 34. Nb5 Qb3 35. Qg4 Qc2 36. Qg3 Qxa4 37. Rb1 Qa2 38. Rg1 Rg6 39. Qe1 Rxg1+ 40. Qxg1 Qa4 41. Nd6 Ra8 42. f5 Qxa7 43. f6 Qa1 44. f7+ Kf8 0-1


[Site "https://www.chess.com"]

[Event "Titled Tuesday Blitz May 31 Early 2022"]
[White "Pichot, Alan"]
[Black "Chernobay, Artem"]
[WhiteFideId "110973"]
[BlackFideId "4167406"]
[WhiteElo "2579"]
[BlackElo "2473"]
[Result "1-0"]
[Round "08"]
[TimeControl "180+1"]
[Date "2022.05.31"]
[WhiteClock "0:01:40"]
[BlackClock "0:00:35"]

1. e4 c5 2. Nf3 Nc6 3. d4 cxd4 4. Nxd4 Nf6 5. Nc3 e5 6. Ndb5 d6 7. Nd5 Nxd5 8. exd5 Ne7 9. c4 Ng6 10. h4 h5 11. Qa4 Bd7 12. Qb4 Qb8 13. Be3 a6 14. Nc3 Be7 15. Na4 a5 16. Qb3 O-O 17. Nb6 Bf5 18. Bd3 Bxd3 19. Qxd3 f5 20. O-O-O e4 21. Qe2 Ne5 22. Nxa8 Qxa8 23. Bd4 Nxc4 24. Kb1 b5 25. Qxh5 Qxd5 26. Bxg7 Nd2+ 27. Rxd2 Qxd2 28. Qg6 1-0


[Site "https://www.chess.com"]

[Event "Titled Tuesday Blitz May 31 Early 2022"]
[White "Pinheiro, Iung Alicio de O."]
[Black "Kucuksari, Kaan"]
[WhiteFideId "2104350"]
[BlackFideId "6380166"]
[WhiteElo "2283"]
[BlackElo "2305"]
[Result "1-0"]
[Round "08"]
[TimeControl "180+1"]
[Date "2022.06.01"]
[WhiteClock "0:00:31"]
[BlackClock "0:00:04"]

1. c4 g6 2. g3 Bg7 3. Bg2 f5 4. Nc3 Nf6 5. d3 O-O 6. e4 d6 7. Nge2 e5 8. O-O c6 9. exf5 gxf5 10. f4 Be6 11. Kh1 Nbd7 12. Be3 Qe8 13. Qd2 Qh5 14. Rae1 Rae8 15. b3 Kh8 16. fxe5 dxe5 17. d4 Ng4 18. Bg1 Bg8 19. dxe5 Ndxe5 20. Nf4 Qh6 21. h3 Ng6 22. Bd4 Rd8 23. Bxg7+ Qxg7 24. Qc1 Nxf4 25. Qxf4 Rd4 26. Qf3 Ne5 27. Qe3 Ng6 28. Ne2 Rdd8 29. Nf4 Nxf4 30. Rxf4 Rd6 31. Qf2 Rg6 32. Kh2 Rg5 33. Re3 Qf6 34. Ref3 Be6 35. Qxa7 Rfg8 36. Qd4 Qxd4 37. Rxd4 R5g7 38. Re3 Bc8 39. h4 Rf7 40. Rf4 Rfg7 41. Bh3 Rf8 42. Ref3 Rgf7 43. g4 Re7 44. g5 Re2+ 45. Kg3 Rxa2 46. Bxf5 Bxf5 47. Rxf5 Rg8 48. Kg4 Rg2+ 49. Kh5 Rb2 50. Rf7 Rxb3 51. Rxb3 1-0


[Site "https://www.chess.com"]

[Event "Titled Tuesday Blitz May 31 Early 2022"]
[White "Potapova, Margarita"]
[Black "Fernandez Siles, Luis"]
[WhiteFideId "14126869"]
[BlackFideId "2209420"]
[WhiteElo "2216"]
[BlackElo "2212"]
[Result "1-0"]
[Round "08"]
[TimeControl "180+1"]
[Date "2022.06.01"]
[WhiteClock "0:00:06"]
[BlackClock "0:00:01"]

1. d4 Nf6 2. Bg5 e6 3. e4 h6 4. Bxf6 Qxf6 5. c3 c5 6. e5 Qd8 7. Nf3 Nc6 8. Bd3 d6 9. O-O cxd4 10. exd6 Qxd6 11. cxd4 Be7 12. Nc3 O-O 13. d5 exd5 14. Nxd5 Be6 15. Nxe7+ Qxe7 16. a3 Qf6 17. Qe2 Bd5 18. Rfe1 Rad8 19. Rad1 Rd6 20. Bc4 Bxf3 21. Qxf3 Qxf3 22. gxf3 Rxd1 23. Rxd1 Rd8 24. Re1 Kf8 25. Re2 g6 26. Kg2 Rd4 27. Bb5 Ne7 28. Rc2 Rd5 29. Be2 Rg5+ 30. Kf1 Nd5 31. Rc8+ Kg7 32. Rb8 b6 33. Rb7 a5 34. Bc4 Rf5 35. Bxd5 Rxd5 36. Rxb6 Rd2 37. Ke1 Rc2 38. Kf1 h5 39. Kg2 g5 40. Kg3 f6 41. Rb5 Kg6 42. a4 h4+ 43. Kg2 Rd2 44. b3 Rb2 45. Kf1 Kh5 46. h3 Kg6 47. Kg2 Kg7 48. f4 Kg6 49. f5+ Kf7 50. Kf3 Rc2 51. Ke3 Rc3+ 52. Ke2 Rxh3 53. Rb7+ Kf8 54. f3 1-0


[Site "https://www.chess.com"]

[Event "Titled Tuesday Blitz May 31 Early 2022"]
[White "Prokofiev, Valentyn"]
[Black "Mikhalsky, Vladimir"]
[WhiteFideId "14160161"]
[BlackFideId "14144352"]
[WhiteElo "2174"]
[BlackElo "2301"]
[Result "1-0"]
[Round "08"]
[TimeControl "180+1"]
[Date "2022.06.01"]
[WhiteClock "0:00:17"]
[BlackClock "0:00:17"]

1. d4 Nf6 2. c4 g6 3. Nc3 Bg7 4. e4 O-O 5. Nf3 d6 6. Be2 e5 7. O-O Nbd7 8. Qc2 c6 9. d5 c5 10. Bg5 h6 11. Bd2 Nh5 12. g3 f5 13. Nh4 Nf4 14. Bxf4 exf4 15. Nxg6 fxg3 16. fxg3 Bd4+ 17. Kg2 Rf6 18. exf5 Ne5 19. Nxe5 Bxe5 20. Bh5 Qf8 21. Bg6 Qg7 22. Rae1 Bd7 23. Ne4 Rff8 24. h4 b5 25. h5 bxc4 26. Rf2 Rab8 27. b3 c3 28. Ref1 Rf6 29. Nxf6+ Qxf6 30. Re1 Rb4 31. Rfe2 Qg5 32. Rxe5 dxe5 33. Qxc3 Rd4 34. Rxe5 Rd2+ 35. Kh3 Rd1 36. Qf3 Qc1 37. Qe3 Rh1+ 38. Kg4 Qd1+ 39. Qe2 Qd4+ 40. Re4 Qf6 41. Re8+ Bxe8 42. Qxe8+ Qf8 43. Bh7+ Kg7 44. f6+ Qxf6 45. Qg8# 1-0


[Site "https://www.chess.com"]

[Event "Titled Tuesday Blitz May 31 Early 2022"]
[White "Ramirez Vido, Robert Yorisan"]
[Black "Omelja, Artem"]
[WhiteFideId "3513823"]
[BlackFideId "14119846"]
[WhiteElo "2402"]
[BlackElo "2382"]
[Result "1/2-1/2"]
[Round "08"]
[TimeControl "180+1"]
[Date "2022.06.01"]
[WhiteClock "0:00:10"]
[BlackClock "0:00:06"]

1. c4 c6 2. g3 d5 3. cxd5 cxd5 4. Bg2 Nf6 5. Nf3 Nc6 6. d4 Bf5 7. O-O e6 8. Bf4 h6 9. Nc3 Qb6 10. Na4 Qb5 11. Rc1 Be7 12. b3 O-O 13. Nc5 Bxc5 14. Rxc5 Qa6 15. Ne5 Qxa2 16. Nxc6 bxc6 17. Rxc6 Rfc8 18. Qc1 Rxc6 19. Qxc6 Rd8 20. Qa4 Qxa4 21. bxa4 Rc8 22. Rc1 Rxc1+ 23. Bxc1 Ne8 24. Bf4 g5 25. Bb8 a6 26. e3 a5 27. Bf1 f6 28. Bb5 Kf7 29. Ba7 Nd6 30. Bc5 Nxb5 31. axb5 Bd3 32. b6 Ba6 33. Kg2 g4 34. f3 f5 35. h3 h5 36. fxg4 fxg4 37. h4 Ke8 38. Kf2 Kd7 39. Ke1 Kc6 40. Kd2 Kb5 41. Kc3 a4 42. Kd3 Kc6+ 43. Kc3 Kb5 44. Kd3 Bb7 45. Kc3 Bc6 46. Kd3 Ka6 47. Kc3 Ka5 48. Bb4+ Kxb6 49. Bc5+ Kb5 50. Kb2 Kc4 51. Bd6 Kd3 52. Bf4 Bb5 53. Ka3 Kc3 54. Be5 Be8 55. Bf4 Kc4 56. Be5 Kd3 57. Bf4 Kd2 58. Kb4 Kc2 59. Ka3 Kc3 60. Bg5 Kd3 61. Bf4 Ke4 62. Kb4 Bd7 63. Ka3 Kf3 64. Kb4 Kg2 65. Ka3 Kf3 66. Kb4 Ke4 67. Ka3 Bc6 68. Kb4 Kd3 69. Ka3 Kc3 70. Bg5 Bb5 71. Bf4 Be8 72. Bg5 Kc4 73. Bf4 Kb5 74. Bg5 Bg6 75. Bf4 Be4 76. Bg5 Bd3 77. Bf4 Bc4 78. Bg5 Bd3 79. Bf4 Bc2 80. Bg5 Kc4 81. Bf4 Bb3 82. Bg5 Kd3 83. Bf4 Ke4 84. Kb4 Kd3 85. Ka3 Kc3 86. Bg5 Kc2 87. Bf4 Kc1 88. Bg5 Kd1 89. Bf4 Ke2 90. Kb4 Kf3 91. Ka3 Bd1 92. Kb4 Ke4 93. Ka3 Kf5 94. Kb4 1/2-1/2


[Site "https://www.chess.com"]

[Event "Titled Tuesday Blitz May 31 Early 2022"]
[White "Royal, Shreyas"]
[Black "Macovei, Andrei"]
[WhiteFideId "448869"]
[BlackFideId "13904680"]
[WhiteElo "1986"]
[BlackElo "2472"]
[Result "1-0"]
[Round "08"]
[TimeControl "180+1"]
[Date "2022.05.31"]
[WhiteClock "0:00:25"]
[BlackClock "0:00:05"]

1. d4 Nf6 2. c4 e6 3. Nf3 d5 4. g3 Be7 5. Bg2 O-O 6. O-O dxc4 7. Qc2 a6 8. a4 c5 9. Rd1 Nc6 10. Na3 b5 11. dxc5 Qa5 12. axb5 axb5 13. Bd2 Nb4 14. Bxb4 Qxb4 15. Ne5 Ra6 16. Nc6 Qxc5 17. Nxe7+ Qxe7 18. Nxb5 Rxa1 19. Rxa1 Qc5 20. Nc3 Bd7 21. Ne4 Nxe4 22. Bxe4 h6 23. Rc1 Rc8 24. Qc3 Qb6 25. Rd1 Ba4 26. Bc2 Bxc2 27. Qxc2 Qb4 28. Qc3 Rb8 29. Rd8+ Kh7 30. Qc2+ g6 31. Rd7 Rb7 32. Rxb7 Qxb7 33. Qxc4 Qxb2 34. Kg2 g5 35. Qe4+ Kg7 36. h4 Qf6 37. hxg5 Qxg5 38. f4 Qg4 39. Qe5+ Kg6 40. Kf2 h5 41. Qh8 f6 42. Qg8+ Kf5 43. Qh7+ Qg6 44. Qd7 Kg4 45. Qxe6+ f5 46. Qxg6+ Kh3 47. Qxh5# 1-0


[Site "https://www.chess.com"]

[Event "Titled Tuesday Blitz May 31 Early 2022"]
[White "Sadhwani, Raunak"]
[Black "Costachi, Mihnea"]
[WhiteFideId "35093487"]
[BlackFideId "1217518"]
[WhiteElo "2616"]
[BlackElo "2476"]
[Result "1-0"]
[Round "08"]
[TimeControl "180+1"]
[Date "2022.05.31"]
[WhiteClock "0:01:39"]
[BlackClock "0:01:32"]

1. e4 e5 2. Nf3 Nc6 3. Bb5 a6 4. Ba4 d6 5. c3 Bd7 6. O-O g6 7. d4 Bg7 8. d5 Nce7 9. c4 h6 10. Nc3 f5 11. Ne1 f4 12. f3 Nf6 13. Nd3 O-O 14. c5 Kh8 15. Bd2 g5 16. b4 h5 17. Bxd7 Nxd7 18. Rc1 g4 19. fxg4 Bh6 20. g5 Bg7 21. Qxh5+ Kg8 22. Rf3 Qe8 23. Qxe8 Rfxe8 24. h4 a5 25. cxd6 cxd6 26. Nb5 Rec8 27. Rff1 axb4 28. Nxd6 Rxc1 29. Rxc1 Rxa2 30. Bxb4 Ng6 31. Rc7 Ndf8 32. Nf5 f3 33. Rxg7+ Kh8 34. gxf3 Nxh4 35. Rf7 Nxf3+ 36. Kf1 Ng6 37. Ne7 Ngh4 38. g6 Nh2+ 39. Ke1 Ng2+ 40. Kd1 Ne3+ 41. Kc1 Rg2 42. Rh7# 1-0


[Site "https://www.chess.com"]

[Event "Titled Tuesday Blitz May 31 Early 2022"]
[White "Barria Santos, Jose Guilherme"]
[Black "Ciuffoletti, Paolo"]
[WhiteFideId "1939300"]
[BlackFideId "807630"]
[WhiteElo "2261"]
[BlackElo "2143"]
[Result "1-0"]
[Round "08"]
[TimeControl "180+1"]
[Date "2022.06.01"]
[WhiteClock "0:00:04"]
[BlackClock "0:00:01"]

1. d4 d5 2. Bf4 Nf6 3. e3 c5 4. c3 Nc6 5. Nd2 g6 6. Be2 Bg7 7. h4 h5 8. Ngf3 Ng4 9. O-O e5 10. dxe5 Ncxe5 11. Nxe5 Nxe5 12. Nf3 Ng4 13. Bb5+ Kf8 14. Bg3 Bf6 15. Qe2 Be6 16. Rad1 Qb6 17. Bd3 Kg7 18. Ng5 Rhe8 19. a4 Nh6 20. e4 Bg4 21. f3 c4+ 22. Bf2 cxd3 23. Qxd3 Qc7 24. fxg4 Nxg4 25. Bg3 Qc5+ 26. Kh1 Bxg5 27. hxg5 h4 28. Qf3 Qe7 29. Qxg4 hxg3 30. Qxg3 Rh8+ 31. Kg1 Rh5 32. Rxd5 Rah8 33. Qe5+ Qxe5 34. Rxe5 Rh1+ 35. Kf2 Rxf1+ 36. Kxf1 Rh1+ 37. Kf2 Rc1 38. Rb5 b6 39. Kf3 Rc2 40. g4 Rc1 41. a5 bxa5 42. Rxa5 Rc2 43. Rb5 Rh2 44. c4 Rc2 45. c5 a6 46. Ra5 Rxb2 47. Rxa6 Rc2 48. Rc6 Rc4 49. Kf4 Rc1 50. Rc7 Rc2 51. c6 Rc1 52. Rc8 Rc2 53. c7 Rc1 54. Ke5 Rc2 55. Kd6 Rd2+ 56. Ke7 Rc2 57. e5 Rc3 58. e6 1-0


[Site "https://www.chess.com"]

[Event "Titled Tuesday Blitz May 31 Early 2022"]
[White "Shailesh, Dravid"]
[Black "Durarbayli, Vasif"]
[WhiteFideId "25017969"]
[BlackFideId "13402935"]
[WhiteElo "2205"]
[BlackElo "2528"]
[Result "0-1"]
[Round "08"]
[TimeControl "180+1"]
[Date "2022.05.31"]
[WhiteClock "0:00:04"]
[BlackClock "0:01:44"]

1. d4 Nf6 2. Nf3 e6 3. c4 b6 4. g3 Bb7 5. Bg2 Be7 6. O-O O-O 7. d5 exd5 8. Nh4 c6 9. cxd5 Nxd5 10. Nf5 Nc7 11. Bf4 d5 12. Nc3 Nba6 13. e4 Bf6 14. e5 Be7 15. Qg4 g6 16. Nxe7+ Qxe7 17. Rae1 Bc8 18. Qd1 Nc5 19. h4 N7e6 20. Bh6 Ba6 21. f4 Bxf1 22. Rxf1 f5 23. exf6 Qxf6 24. Kh2 Rf7 25. f5 gxf5 26. Qc1 Kh8 27. Bh3 Qg6 28. Qe3 d4 29. Qe5+ Qf6 30. Qxf6+ Rxf6 31. Bg5 Nxg5 32. hxg5 Rg6 33. Ne2 d3 34. Nf4 Rxg5 35. b4 Ne4 36. Nxd3 Rd8 37. Ne5 Rd2+ 38. Bg2 Rxg3 39. Rxf5 Rdxg2+ 40. Kh1 Rg1+ 41. Kh2 R1g2+ 42. Kh1 Nf2+ 43. Rxf2 Rxf2 44. b5 Rc3 45. bxc6 0-1


[Site "https://www.chess.com"]

[Event "Titled Tuesday Blitz May 31 Early 2022"]
[White "Sjugirov, Sanan"]
[Black "Fedoseev, Vladimir"]
[WhiteFideId "4189302"]
[BlackFideId "24130737"]
[WhiteElo "2602"]
[BlackElo "2726"]
[Result "0-1"]
[Round "08"]
[TimeControl "180+1"]
[Date "2022.05.31"]
[WhiteClock "0:00:01"]
[BlackClock "0:00:19"]

1. e4 c5 2. Nc3 d6 3. Nge2 e5 4. Ng3 Nc6 5. Bc4 Be6 6. d3 Nf6 7. O-O Qd7 8. f4 Bxc4 9. dxc4 O-O-O 10. Nd5 Ne8 11. c3 exf4 12. Bxf4 f6 13. b4 b6 14. Qa4 Kb7 15. Rab1 Ne5 16. b5 Nc7 17. Nxc7 Qxc7 18. Nf5 Ng6 19. Bg3 Re8 20. Rfe1 Re6 21. Ne3 Be7 22. Nd5 Qd7 23. Rb3 Kb8 24. Ra3 Bd8 25. Qd1 Rhe8 26. Qf3 Ne5 27. Bxe5 Rxe5 28. Rb3 f5 29. Rbb1 Rxe4 30. Rxe4 Rxe4 31. Qd3 Qe6 32. Rf1 g6 33. h3 Qe5 34. a4 Kb7 35. Kh1 Bh4 36. Qf3 Kb8 37. Qd3 Bg3 38. Kg1 Re1 39. Qf3 f4 40. Kh1 g5 41. Kg1 h5 42. Qd3 g4 43. a5 bxa5 44. b6 a6 45. Nc7 Kb7 46. Nd5 Qe4 47. Qxe4 Rxe4 48. Ra1 f3 49. hxg4 Re1+ 50. Rxe1 f2+ 0-1


[Site "https://www.chess.com"]